3A
MT. VERNON BULLS @ GRIM REAPERS
08/09/2034
 
TOP OF THE 1ST
Mt. Vernon Bulls batting - Pitching for Grim Reapers : LHP Ramón Cerrillo
Pitching: LHP Ramón Cerrillo
Batting: RHB Kamakakoa Kaponianani 0-0: Foul Ball, location: 2F
0-1: Ball
1-1: Foul Ball, location: 2F
1-2: Ball
2-2: Strikes out swinging
Batting: RHB Hsin-ping Teoh 0-0: Called Strike
0-1: Ball
1-1: Swinging Strike
1-2: Ball
2-2: Ball
3-2: Strikes out swinging
Batting: LHB Tomás Muinos 0-0: Fly out, F9 (Flyball, 9)
Top of the 1st over - 0 runs, 0 hits, 0 errors, 0 left on base; Mt. Vernon 0 - Grim 0
BOTTOM OF THE 1ST
Grim Reapers batting - Pitching for Mt. Vernon Bulls : LHP Tom Burnett
Pitching: LHP Tom Burnett
Batting: RHB Tsuneari Hirano 0-0: Foul Ball, location: 2F
0-1: Ball
1-1: SINGLE (Groundball, 5) (infield hit)
Batting: SHB Tekkan Hayagawa 0-0: Called Strike
0-1: Foul Ball, location: 2F
0-2: Ball
1-2: Strikes out swinging
Batting: RHB Bearooz Yacoobi 0-0: Swinging Strike
0-1: Ball
1-1: DOUBLE (Flyball, 8LXD)
Tsuneari Hirano to third
Batting: LHB Semo Hoaloha 0-0: Called Strike
0-1: Foul Ball, location: 2F
0-2: SINGLE (Groundball, 6D)
Tsuneari Hirano scores
Bearooz Yacoobi to third
Runner from 3rd tries for Home, SAFE, no throw
Batting: RHB Scott Pearson 0-0: Ball
1-0: Ball
2-0: Foul Ball, location: 2F
2-1: Foul Ball, location: 2F
2-2: Strikes out looking
Batting: RHB Jaxton Goleta 0-0: Ball
1-0: Fielders Choice at 2nd, 5-4 (Groundball, 5)
Bottom of the 1st over - 2 runs, 3 hits, 0 errors, 1 left on base; Mt. Vernon 0 - Grim 2
TOP OF THE 2ND
Mt. Vernon Bulls batting - Pitching for Grim Reapers : LHP Ramón Cerrillo
Batting: RHB Tong-sik Im 0-0: Swinging Strike
0-1: SINGLE (Groundball, 6MD)
Batting: RHB Tony Cardenas 0-0: Ball
1-0: Called Strike
1-1: Ball
2-1: Called Strike
2-2: Strikes out looking
Batting: RHB Guo Chen 0-0: Called Strike
0-1: Foul Ball, location: 2F
0-2: Strikes out swinging
Batting: RHB Doug Day 0-0: Swinging Strike
0-1: Fielders Choice at 2nd, 6-4 (Groundball, 6)
Top of the 2nd over - 0 runs, 1 hit, 0 errors, 1 left on base; Mt. Vernon 0 - Grim 2
BOTTOM OF THE 2ND
Grim Reapers batting - Pitching for Mt. Vernon Bulls : LHP Tom Burnett
Batting: SHB Takechi Yamashita 0-0: Called Strike
0-1: Ball
1-1: Foul Ball, location: 2F
1-2: Strikes out looking
Batting: RHB Chi-eun Mun 0-0: Ball
1-0: Ball
2-0: Ball
3-0: Base on Balls
Batting: RHB Joe Rodgers 0-0: Ball
1-0: Grounds into double play, 4-6-3 (Groundball, 4)
Bottom of the 2nd over - 0 runs, 0 hits, 0 errors, 0 left on base; Mt. Vernon 0 - Grim 2
TOP OF THE 3RD
Mt. Vernon Bulls batting - Pitching for Grim Reapers : LHP Ramón Cerrillo
Batting: RHB De-wei Mo 0-0: Ground out 6-3 (Groundball, 6)
Batting: RHB Francisco Ortíz 0-0: Ground out 6-3 (Groundball, 6)
Batting: RHB Kamakakoa Kaponianani 0-0: Swinging Strike
0-1: Called Strike
0-2: Ball
1-2: Strikes out looking
Top of the 3rd over - 0 runs, 0 hits, 0 errors, 0 left on base; Mt. Vernon 0 - Grim 2
BOTTOM OF THE 3RD
Grim Reapers batting - Pitching for Mt. Vernon Bulls : LHP Tom Burnett
Batting: RHB Tsuneari Hirano 0-0: Called Strike
0-1: Foul Ball, location: 2F
0-2: Ball
1-2: Ball
2-2: Strikes out looking
Batting: SHB Tekkan Hayagawa 0-0: SINGLE (Groundball, 34D)
Batting: RHB Bearooz Yacoobi 0-0: Ball
1-0: Ball
2-0: Ball
3-0: Called Strike
3-1: Foul Ball, location: 2F
3-2: Grounds into double play, 6-4-3 (Groundball, 56D)
Bottom of the 3rd over - 0 runs, 1 hit, 0 errors, 0 left on base; Mt. Vernon 0 - Grim 2
TOP OF THE 4TH
Mt. Vernon Bulls batting - Pitching for Grim Reapers : LHP Ramón Cerrillo
Batting: RHB Hsin-ping Teoh 0-0: Called Strike
0-1: Ball
1-1: Ball
2-1: Ground out 6-3 (Groundball, 6)
Batting: LHB Tomás Muinos 0-0: Ball
1-0: Called Strike
1-1: Ball
2-1: Foul Ball, location: 2F
2-2: Strikes out swinging
Batting: RHB Tong-sik Im 0-0: Swinging Strike
0-1: Called Strike
0-2: Strikes out swinging
Top of the 4th over - 0 runs, 0 hits, 0 errors, 0 left on base; Mt. Vernon 0 - Grim 2
BOTTOM OF THE 4TH
Grim Reapers batting - Pitching for Mt. Vernon Bulls : LHP Tom Burnett
Batting: LHB Semo Hoaloha 0-0: Called Strike
0-1: Fly out, F8 (Flyball, 8RM)
Batting: RHB Scott Pearson 0-0: DOUBLE (Line Drive, 78D)
Batting: RHB Jaxton Goleta 0-0: Called Strike
0-1: Foul Ball, location: 2F
0-2: Ball
1-2: Foul Ball, location: 2F
1-2: Strikes out looking
Batting: SHB Takechi Yamashita 0-0: Foul Ball, location: 2F
0-1: Foul Ball, location: 2F
0-2: Ball
1-2: Fly out, F8 (Flyball, 8LS)
Bottom of the 4th over - 0 runs, 1 hit, 0 errors, 1 left on base; Mt. Vernon 0 - Grim 2
TOP OF THE 5TH
Mt. Vernon Bulls batting - Pitching for Grim Reapers : LHP Ramón Cerrillo
Batting: RHB Tony Cardenas 0-0: Ground out 6-3 (Groundball, 6)
Batting: RHB Guo Chen 0-0: SINGLE (Line Drive, 34)
Batting: RHB Doug Day 0-0: Called Strike
0-1: Foul Ball, location: 2F
0-2: Ball
1-2: Ball
2-2: Strikes out swinging
Batting: RHB De-wei Mo 0-0: Ball
1-0: Ball
2-0: Foul Ball, location: 2F
2-1: SINGLE (Groundball, 56D)
Guo Chen to second
Batting: RHB Francisco Ortíz 0-0: Swinging Strike
0-1: Foul Ball, location: 2F
0-2: Foul Ball, location: 2F
0-2: Strikes out looking
Top of the 5th over - 0 runs, 2 hits, 0 errors, 2 left on base; Mt. Vernon 0 - Grim 2
BOTTOM OF THE 5TH
Grim Reapers batting - Pitching for Mt. Vernon Bulls : LHP Tom Burnett
Batting: RHB Chi-eun Mun 0-0: Ball
1-0: Foul Ball, location: 2F
1-1: Called Strike
1-2: Strikes out swinging
Batting: RHB Joe Rodgers 0-0: Ball
1-0: Ball
2-0: Fly out, F6 (Line Drive, 6M)
Batting: RHB Tsuneari Hirano 0-0: Called Strike
0-1: Ball
1-1: Ball
2-1: Swinging Strike
2-2: Ground out 6-3 (Groundball, 6)
Bottom of the 5th over - 0 runs, 0 hits, 0 errors, 0 left on base; Mt. Vernon 0 - Grim 2
TOP OF THE 6TH
Mt. Vernon Bulls batting - Pitching for Grim Reapers : LHP Ramón Cerrillo
Batting: RHB Kamakakoa Kaponianani 0-0: Foul Ball, location: 2F
0-1: Ball
1-1: Ball
2-1: Fly out, F6 (Line Drive, 6)
Batting: RHB Hsin-ping Teoh 0-0: SINGLE (Line Drive, 8LS)
Batting: LHB Tomás Muinos 0-0: Ball
1-0: Ball
2-0: Called Strike
2-1: Foul Ball, location: 2F
2-2: Strikes out swinging
Batting: RHB Tong-sik Im 0-0: Ball
1-0: Foul Ball, location: 2F
1-1: SINGLE (Popup, 5D)
Hsin-ping Teoh to second
Batting: RHB Tony Cardenas 0-0: Called Strike
0-1: Ball
1-1: Ground out 5-3 (Groundball, 56S)
Top of the 6th over - 0 runs, 2 hits, 0 errors, 2 left on base; Mt. Vernon 0 - Grim 2
BOTTOM OF THE 6TH
Grim Reapers batting - Pitching for Mt. Vernon Bulls : LHP Tom Burnett
Batting: SHB Tekkan Hayagawa 0-0: Ball
1-0: Ball
2-0: Ball
3-0: Called Strike
3-1: Ground out 4-3 (Groundball, 4)
Batting: RHB Bearooz Yacoobi 0-0: Ball
1-0: Fly out, F7 (Flyball, 7S)
Batting: LHB Semo Hoaloha 0-0: Called Strike
0-1: Called Strike
0-2: Ball
1-2: Ball
2-2: SINGLE (Groundball, 4D)
Batting: RHB Scott Pearson 0-0: Foul Ball, location: 2F
0-1: Ball
1-1: SINGLE (Line Drive, 9S)
Semo Hoaloha to second
Batting: RHB Jaxton Goleta 0-0: Ball
1-0: SINGLE (Line Drive, 6M)
Semo Hoaloha to third
Scott Pearson to second
Runner from 3rd tries for Home, throw and OUT!
Bottom of the 6th over - 0 runs, 3 hits, 0 errors, 2 left on base; Mt. Vernon 0 - Grim 2
TOP OF THE 7TH
Mt. Vernon Bulls batting - Pitching for Grim Reapers : LHP Ramón Cerrillo
Batting: RHB Guo Chen 0-0: Foul Ball, location: 2F
0-1: Ball
1-1: Fly out, F9 (Flyball, 9LS)
Batting: RHB Doug Day 0-0: Ball
1-0: Ball
2-0: Foul Ball, location: 2F
2-1: Foul Ball, location: 2F
2-2: Strikes out swinging
Batting: RHB De-wei Mo 0-0: Ball
1-0: Ball
2-0: Ball
3-0: Base on Balls
Batting: RHB Francisco Ortíz 0-0: Called Strike
0-1: Ball
1-1: Swinging Strike
1-2: Foul Ball, location: 2F
1-2: Strikes out swinging passed ball, reaches first!
De-wei Mo to second
Pitching: RHP Troy Moore
Pinch Hitting: SHB Fergus Stidston 0-0: Foul Ball, location: 2F
0-1: Ball
1-1: Foul Ball, location: 2F
1-2: Strikes out swinging
Top of the 7th over - 0 runs, 0 hits, 0 errors, 2 left on base; Mt. Vernon 0 - Grim 2
BOTTOM OF THE 7TH
Grim Reapers batting - Pitching for Mt. Vernon Bulls : LHP Tom Burnett
Now in CF: Anastasio Deleón
Batting: SHB Takechi Yamashita 0-0: Ball
1-0: Foul Ball, location: 2F
1-1: Swinging Strike
1-2: Ball
2-2: Ball
3-2: Base on Balls
Batting: RHB Chi-eun Mun 0-0: Fly out, F7 (Flyball, 7LSF)
Batting: RHB Joe Rodgers 0-0: Ball
1-0: Ball
2-0: Foul Ball, location: 2F
2-1: Fielders Choice at 2nd, 4-6 (Groundball, 4)
Batting: RHB Tsuneari Hirano 0-0: Called Strike
0-1: Ball
1-1: Called Strike
1-2: Ball
2-2: Ground out 1-3 (Groundball, P)
Bottom of the 7th over - 0 runs, 0 hits, 0 errors, 1 left on base; Mt. Vernon 0 - Grim 2
TOP OF THE 8TH
Mt. Vernon Bulls batting - Pitching for Grim Reapers : RHP Troy Moore
Batting: RHB Hsin-ping Teoh 0-0: Swinging Strike
0-1: Fly out, F7 (Flyball, 7D)
Batting: LHB Tomás Muinos 0-0: Swinging Strike
0-1: SINGLE (Groundball, 34D)
Batting: RHB Tong-sik Im 0-0: Ball
1-0: Fly out, F9 (Flyball, 9)
Batting: RHB Tony Cardenas 0-0: Ball
1-0: Called Strike
1-1: Ball
2-1: Swinging Strike
2-2: Strikes out swinging
Top of the 8th over - 0 runs, 1 hit, 0 errors, 1 left on base; Mt. Vernon 0 - Grim 2
BOTTOM OF THE 8TH
Grim Reapers batting - Pitching for Mt. Vernon Bulls : LHP Tom Burnett
Batting: SHB Tekkan Hayagawa 0-0: Called Strike
0-1: Ball
1-1: Ground out 6-3 (Groundball, 6M)
Batting: RHB Bearooz Yacoobi 0-0: DOUBLE (Line Drive, 7D)
Batting: LHB Semo Hoaloha 0-0: Called Strike
0-1: Ball
1-1: Ball
Wild Pitch!
Bearooz Yacoobi to third
2-1: Ball
3-1: Base on Balls
Pitching: RHP Rafael Santiago
Batting: RHB Scott Pearson 0-0: DOUBLE (Line Drive, 8LD)
Bearooz Yacoobi scores
Semo Hoaloha to third
Batting: RHB Jaxton Goleta 0-0: Ball
1-0: Ball
2-0: Called Strike
2-1: Swinging Strike
2-2: Ball
3-2: Foul Ball, location: 2F
3-2: Fly out, F7 (Flyball, 7S)
Batting: SHB Takechi Yamashita 0-0: Ball
1-0: Called Strike
1-1: Swinging Strike
1-2: Strikes out swinging
Bottom of the 8th over - 1 run, 2 hits, 0 errors, 2 left on base; Mt. Vernon 0 - Grim 3
TOP OF THE 9TH
Mt. Vernon Bulls batting - Pitching for Grim Reapers : RHP Troy Moore
Pitching: RHP Jerry Magee
Batting: RHB Guo Chen 0-0: Ball
1-0: Fly out, F4 (Line Drive, 4)
Batting: RHB Doug Day 0-0: Called Strike
0-1: Ground out 5-3 (Groundball, 5L)
Batting: RHB De-wei Mo 0-0: Ground out 6-3 (Groundball, 6MD)
Top of the 9th over - 0 runs, 0 hits, 0 errors, 0 left on base; Mt. Vernon 0 - Grim 3
Friday, March 29th, 2019 - OOTP Baseball 18.8 Build 76